 Dungeon Crawl Stone Soup version 0.28.0-43-g3370ac3207 (webtiles) character file.

Game seed: 5169527992331899016

1311 jimonade the Cudgeller (level 8, -2/56 (64) HPs)
             Began as a Gnoll Wanderer on Mar 19, 2022.
             Was an Initiate of Vehumet.
             Slain by a wight
             ... wielding a +3 halberd
              (6 damage)
             ... on level 5 of the Dungeon.
             The game lasted 00:20:31 (8018 turns).

jimonade the Cudgeller (Gnoll Wanderer)             Turns: 8018, Time: 00:20:32

HP:   -2/56 (64)    AC: 10    Str: 12    XL:     8   Next: 58%
MP:   13/13         EV:  6    Int: 10    God:    Vehumet [......]
Gold: 206           SH:  0    Dex: 15    Spells: 13/13 levels left

rFire   + . .      SeeInvis +   z - +4 mace
rCold   . . .      Faith    .   (no shield)
rNeg    . . .      Spirit   .   g - +0 chain mail
rPois   .          Reflect  .   c - +0 helmet
rElec   .          Harm     .   (no cloak)
rCorr   .          Rampage  .   (no gloves)
Will    .....                   (no boots)
Stlth   ..........              (no amulet)
HPRegen 0.18/turn               j - ring of protection from fire
MPRegen 0.13/turn               y - ring of see invisible

@: heavily drained
A: fangs 1, strong nose, distributed training
a: Renounce Religion


You were on level 5 of the Dungeon.
You worshipped Vehumet.
Vehumet was noncommittal.
You visited 1 branch of the dungeon, and saw 6 of its levels.

You collected 206 gold pieces.

Inventory:

Hand Weapons
 a - a +2 short sword
 f - a +0 hand crossbow
 t - a +0 spear
 z - a +4 mace (weapon)
 F - a +2 hand axe
Missiles
 b - 3 boomerangs
 i - 213 stones
 l - 4 poisoned darts (quivered)
 o - 58 arrows
 v - 17 sling bullets
Armour
 c - a +0 helmet (worn)
 d - a +0 leather armour
 g - a +0 chain mail (worn)
 C - a +0 pair of boots
Jewellery
 j - a ring of protection from fire (left hand)
 y - a ring of see invisible (right hand)
Wands
 A - a wand of mindburst (12)
 B - a wand of polymorph (13)
Scrolls
 h - 7 scrolls of identify
 k - a scroll of enchant weapon {unknown}
 n - 2 scrolls of summoning {unknown}
 q - a scroll of enchant armour {unknown}
 r - a scroll of amnesia {unknown}
 s - 2 scrolls of torment {unknown}
 w - a scroll of magic mapping {unknown}
 x - a scroll of noise {unknown}
 E - a scroll of vulnerability
Potions
 e - a potion of attraction {unknown}
 m - a potion of lignification {unknown}
 p - 3 potions of curing {unknown}
 u - a potion of flight {unknown}
 D - a potion of heal wounds {unknown}


   Skills:
 + Level 5.7 Fighting
 + Level 7.4 Short Blades
 + Level 3.4 Long Blades
 + Level 3.4 Axes
 + Level 7.4 Maces & Flails
 + Level 3.4 Polearms
 + Level 3.4 Staves
 + Level 3.4 Slings
 + Level 3.4 Bows
 + Level 3.4 Crossbows
 + Level 3.4 Throwing
 + Level 3.4 Armour
 + Level 4.3 Dodging
 + Level 4.2 Stealth
 + Level 3.4 Shields
 + Level 3.4 Unarmed Combat
 + Level 3.4 Spellcasting
 + Level 2.7 Conjurations
 + Level 2.7 Hexes
 + Level 2.7 Summonings
 + Level 2.7 Necromancy
 + Level 2.7 Translocations
 + Level 2.7 Transmutations
 + Level 2.7 Fire Magic
 + Level 2.7 Ice Magic
 + Level 2.7 Air Magic
 + Level 2.7 Earth Magic
 + Level 2.7 Poison Magic
 + Level 3.7 Invocations
 + Level 3.4 Evocations


You had 13 spell levels left.
You didn't know any spells.
Your spell library contained the following spells:

 Spells                   Type           Power      Damage    Failure   Level
 Sting                    Tmut/Pois      28%        1d4       97%         1
 Poisonous Vapours        Pois/Air       14%        N/A       99%         2
 Inner Flame              Hex/Fire       7%         N/A       100%        3
 Ozocubu's Armour         Ice            7%         N/A       100%        3
 Cause Fear               Hex            3%         N/A       100%        4
 Olgreb's Toxic Radiance  Pois           7%         N/A       100%        4
 Metabolic Englaciation   Hex/Ice        3%         N/A       100%        5
 Simulacrum               Ice/Necr       3%         N/A       100%        6
 Discord                  Hex            3%         N/A       100%        8


Dungeon Overview and Level Annotations

Branches:
Dungeon (6/15)             Temple (0/1) D:4

Altars:
Vehumet
Xom
Beogh

Annotations:
D:3 3 runed translucent doors, AlmostDecent's ghost, amateur GnEE
D:4 3 runed translucent doors, Kae's ghost, amateur OpEE
D:6 Dowan; Duvessa


Innate Abilities, Weirdness & Mutations

You have very sharp teeth.
Your uncanny sense of smell can sniff out nearby items.
Your experience applies equally to all skills.


Message History

Vehumet accepts your kill.
Your life force feels restored.
Things that are here:
a +2 hand axe; a +0 robe
F - a +2 hand axe You start resting.
HP restored.
You start waiting.
Done waiting.
There is a stone staircase leading down here.
You climb downwards.
Level annotation: Dowan; Duvessa The wight barely misses you.
The wight hits you from afar with a +3 halberd.
There is a stone staircase leading up here.
The wight hits you from afar with a +3 halberd.
The wight hits you from afar with a +3 halberd!
You feel drained. The wight hits you with a +3 halberd.
You feel drained. The wight hits you with a +3 halberd!
There is a stone staircase leading up, spattered with blood here.
The wight hits you with a +3 halberd!
You climb upwards.
There is a stone staircase leading down here.
You sock the wight! You punch the wight.
The wight is severely damaged.
The wight hits you with a +3 halberd.
You feel drained.
You hit the wight but do no damage. Your bite misses the wight.
The wight is heavily damaged.
The wight hits you with a +3 halberd.
* * * LOW HITPOINT WARNING * * *
You hit the wight. Your bite misses the wight.
The wight is severely damaged.
The wight closely misses you.
You closely miss the wight.
The wight is severely damaged.
The wight hits you with a +3 halberd!
* * * LOW HITPOINT WARNING * * *
You feel drained.
You die...

#...###..#....# ##.##.#####
..####...####)# ####..........
..####...####.######....#........
..##...#....)........####........
..#..########..###....###........
..#.##########..##.##............
.........#......##.####.#........
.................[.#....#........
................@......).........
.................z#.#####........
..................#.######....###
....................#..........#
...............................#
.#...............#.##......)...#
###..............#.#...........#
##.......#.....#.#.#.##..#######
##.##......#.#...........#######


You could see a wight.

Vanquished Creatures
  Sigmund (D:2)
  2 ogres (D:5)
  A gnoll sergeant (D:6)
  3 scorpions
  A water moccasin skeleton (D:5)
  A howler monkey (D:4)
  A wight (D:5)
  A bullfrog zombie (D:5)
  2 hounds
  2 centaur skeletons
  2 orc priests
  A jelly (D:6)
  2 iguanas
  An orc wizard (D:4)
  2 howler monkey zombies (D:5)
  8 gnolls
  5 adders
  An ufetubus (D:5)
  2 worms
  3 dart slugs
  20 orcs
  10 ball pythons
  7 bats
  7 endoplasms
  2 giant cockroaches
  2 goblins (D:2)
  6 hobgoblins
  18 jackals
  7 quokkas
  3 frilled lizards
  8 kobolds
  8 rats
140 creatures vanquished.

Notes
Turn   | Place    | Note
-------+----------+-------------------------------------------
     0 | D:1      | jimonade the Gnoll Wanderer began the quest for the Orb.
     0 | D:1      | jimonade set off with the following items: a +2 short
                  | sword, a +0 mace, a +0 helmet, a +0 leather armour
     0 | D:1      | Reached XP level 1. HP: 20/20 MP: 1/1
    62 | D:1      | Reached XP level 2. HP: 25/26 MP: 2/2
    91 | D:1      | Found a faded altar of an unknown god.
   497 | D:1      | Reached XP level 3. HP: 31/31 MP: 3/3
   854 | D:2      | Reached skill level 1 in Invocations
   953 | D:2      | Reached skill level 1 in Long Blades
   953 | D:2      | Reached skill level 1 in Axes
   953 | D:2      | Reached skill level 1 in Polearms
   953 | D:2      | Reached skill level 1 in Staves
   953 | D:2      | Reached skill level 1 in Slings
   953 | D:2      | Reached skill level 1 in Bows
   953 | D:2      | Reached skill level 1 in Crossbows
   953 | D:2      | Reached skill level 1 in Throwing
   953 | D:2      | Reached skill level 1 in Armour
   953 | D:2      | Reached skill level 1 in Shields
   953 | D:2      | Reached skill level 1 in Unarmed Combat
   953 | D:2      | Reached skill level 1 in Spellcasting
   953 | D:2      | Reached skill level 1 in Evocations
   978 | D:2      | Reached XP level 4. HP: 29/38 MP: 5/5
  1172 | D:2      | Noticed Sigmund
  1646 | D:2      | Killed Sigmund
  1647 | D:2      | Reached skill level 1 in Conjurations
  1647 | D:2      | Reached skill level 1 in Hexes
  1647 | D:2      | Reached skill level 1 in Summonings
  1647 | D:2      | Reached skill level 1 in Necromancy
  1647 | D:2      | Reached skill level 1 in Translocations
  1647 | D:2      | Reached skill level 1 in Transmutations
  1647 | D:2      | Reached skill level 1 in Fire Magic
  1647 | D:2      | Reached skill level 1 in Ice Magic
  1647 | D:2      | Reached skill level 1 in Air Magic
  1647 | D:2      | Reached skill level 1 in Earth Magic
  1647 | D:2      | Reached skill level 1 in Poison Magic
  1647 | D:2      | Reached XP level 5. HP: 15/43 MP: 5/7
  1647 | D:2      | Reached XP level 6. HP: 17/50 MP: 5/8
  2607 | D:3      | Noticed AlmostDecent's ghost (amateur GnEE)
  2634 | D:3      | Reached skill level 5 in Fighting
  2672 | D:3      | Found a runed translucent gate.
  2672 | D:3      | Found a runed translucent gate.
  2672 | D:3      | Found a runed translucent gate.
  2729 | D:3      | Found a shimmering altar of Xom.
  2776 | D:3      | Found a shimmering altar of Xom.
  2777 | D:3      | Found a shimmering altar of Xom.
  2777 | D:3      | Found a shimmering altar of Xom.
  2778 | D:3      | Found a shimmering altar of Xom.
  3564 | D:3      | You fall into a shaft and drop 2 floors!
  3564 | D:5      | Entered Level 5 of the Dungeon
  3575 | D:5      | Reached XP level 7. HP: 54/56 MP: 10/10
  4826 | D:4      | Found a staircase to the Ecumenical Temple.
  5259 | D:4      | Found a runed translucent gate.
  5259 | D:4      | Identified the +6 dagger of Exoneration {vorpal, rElec
                  | Will- Dex+4}
  5259 | D:4      | Identified the +7 ring mail "Renofuol" {Rampage *Corrode
                  | rN+ Int+4}
  5260 | D:4      | Found a runed translucent gate.
  5261 | D:4      | Found a runed translucent gate.
  5262 | D:4      | Noticed Kae's ghost (amateur OpEE)
  5542 | D:5      | Reached XP level 8. HP: 38/63 MP: 12/12
  6068 | D:5      | Found a radiant altar of Vehumet.
  6534 | D:5      | Became a worshipper of Vehumet
  6564 | D:6      | Noticed Duvessa
  6564 | D:6      | Noticed Dowan
  8018 | D:5      | Slain by a wight

Illustrated notes

Levels and vault maps discovered:
D:1:      dpeg_arrival_round_c, layout_basic,
          hellmonk_ecumenical_altar_crossroads, kennysheep_small_spiral
D:2:      layout_basic, minmay_pentomino_t2, uniq_sigmund
D:3:      layout_basic, xom_redecorated, gammafunk_ghost_icy
D:4:      layout_loops_ring, temple_doors_e, biasface_ghost_orc_armoury
D:5:      layout_rooms, mainiacjoe_overflow_alcove_2
D:6:      layout_layer_cave, minmay_chambers_of_fives, uniq_duvessa,
          uniq_menkaure

Skill      XL: |  1  2  3  4  5  6  7  8 |
---------------+-------------------------+-----
Invocations    | 1 2 3 |  3.7
Long Blades    | 1 2 3 |  3.4
Axes           | 1 2 3 |  3.4
Polearms       | 1 2 3 |  3.4
Staves         | 1 2 3 |  3.4
Slings         | 1 2 3 |  3.4
Bows           | 1 2 3 |  3.4
Crossbows      | 1 2 3 |  3.4
Throwing       | 1 2 3 |  3.4
Armour         | 1 2 3 |  3.4
Shields        | 1 2 3 |  3.4
Unarmed Combat | 1 2 3 |  3.4
Spellcasting   | 1 2 3 |  3.4
Evocations     | 1 2 3 |  3.4
Dodging        | 3 4 |  4.3
Stealth        | 3 4 |  4.2
Conjurations   | 1 2 |  2.7
Hexes          | 1 2 |  2.7
Summonings     | 1 2 |  2.7
Necromancy     | 1 2 |  2.7
Translocations | 1 2 |  2.7
Transmutations | 1 2 |  2.7
Fire Magic     | 1 2 |  2.7
Ice Magic      | 1 2 |  2.7
Air Magic      | 1 2 |  2.7
Earth Magic    | 1 2 |  2.7
Poison Magic   | 1 2 |  2.7
Fighting       | 5 |  5.7
Short Blades   | 7 |  7.4
Maces & Flails | 7 |  7.4

Action                   |  1- 3 |  4- 6 |  7- 9 || total
-------------------------+-------+-------+-------++-------
Melee: Short sword       |    92 |   185 |   188 ||   465
       Bite              |     7 |    24 |    41 ||    72
       Punch             |       |     2 |    11 ||    13
       Mace              |       |       |    97 ||    97
Throw: Dart              |       |    13 |    10 ||    23
       Boomerang         |       |     1 |       ||     1
  Use: Scroll            |       |     2 |       ||     2
       Potion            |       |     1 |       ||     1
Armor: Leather armour    |     4 |       |       ||     4
       Chain mail        |    41 |    88 |   123 ||   252
Dodge: Dodged            |    21 |    25 |    78 ||   124
